 Dungeon Crawl Stone Soup version 0.20.1-1-g8b1a95d (webtiles) character file.

5451 pstr the Destroyer (level 11, -4/62 HPs)
             Began as a Kobold Conjurer on Nov 17, 2017.
             Was an Initiate of Qazlal.
             Slain by a two-headed ogre
             ... wielding a +0 giant club
              (22 damage)
             ... on level 10 of the Dungeon.
             The game lasted 00:30:18 (9310 turns).

pstr the Destroyer (Kobold Conjurer)                Turns: 9310, Time: 00:30:19

Health: -4/62      AC: 12    Str:  5    XL:     11   Next: 0%
Magic:  18/24      EV: 18    Int: 20    God:    Qazlal [......]
Gold:   597        SH:  0    Dex: 16    Spells: 26/29 levels left

rFire    + . .     SeeInvis +   O - staff of wizardry
rCold    + . .     Gourm    .   (shield currently unavailable)
rNeg     . . .     Faith    .   y - +2 leather armour {rC+}
rPois    .         Spirit   .   (no helmet)
rElec    .         Reflect  .   m - +2 cloak
rCorr    .         Harm     .   G - +0 pair of gloves (curse)
MR       .....                  (no boots)
Stlth    +++.......             k - amulet of magic regeneration
Regen    0.2/turn               d - ring of protection from fire (curse)
MPRegen  0.3/turn               j - ring of see invisible

@: about to teleport
A: thin metallic scales 1, carnivore 3, robust 1
a: Renounce Religion


You were on level 10 of the Dungeon.
You worshipped Qazlal.
Qazlal was noncommittal.
You were completely stuffed.

You visited 2 branches of the dungeon, and saw 11 of its levels.

You collected 597 gold pieces.

Inventory:

Hand Weapons
 g - a +5 quarterstaff of chaos
 z - a +1 flail of draining
 L - the +12 falchion "Jidup" {antimagic, *Contam rPois Int+2 Dex+2, unknown}
   (You found it on level 5 of the Dungeon)

   It reduces the magical energy of the wielder, and disrupts the spells and
   magical abilities of those hit.
   Natural abilities and divine invocations are not affected.
   It affects your intelligence (+2).
   It affects your dexterity (+2).
   It protects you from poison.
   It causes magical contamination when unequipped.
 P - the +8 flail of Muisan {venom, -Tele +Rage rElec rC+, unknown}
   (You found it on level 6 of the Dungeon)

   It poisons the flesh of those it strikes.
   It protects you from cold.
   It insulates you from electricity.
   It lets you go berserk.
   It prevents most forms of teleportation.
Missiles
 f - 276 stones (quivered)
 q - 171 arrows
Armour
 a - a +0 robe
 e - a +0 ring mail
 h - a +0 leather armour
 m - a +2 cloak (worn)
 o - a +0 leather armour
 p - a +0 ring mail
 y - a +2 leather armour of cold resistance (worn)
 G - a cursed +0 pair of gloves (worn)
 J - a +2 plate armour of fire resistance
 V - +0 steam dragon scales
Magical Staves
 O - an uncursed staff of wizardry (weapon)
Jewellery
 d - a cursed ring of protection from fire (left hand)
 j - a ring of see invisible (right hand)
 k - an amulet of magic regeneration (around neck)
 n - an uncursed ring of stealth {unknown}
 w - an uncursed ring of flight
 N - a cursed amulet of inaccuracy
Wands
 r - a wand of iceblast (6/15)
 A - a wand of digging (21/24)
 T - a wand of flame (25/48)
 U - a wand of scattershot (4/9)
Scrolls
 s - 2 scrolls of fear {unknown}
 B - 2 scrolls of remove curse {unknown}
 E - a scroll of enchant weapon
 H - 5 scrolls of identify
 K - a scroll of teleportation
 M - a scroll of summoning {unknown}
Potions
 l - a potion of magic {unknown}
 t - a potion of might
 u - a potion of flight
 v - a potion of agility {unknown}
 C - 2 potions of brilliance
 D - a potion of cancellation
 I - a potion of haste {unknown}
 R - a potion of resistance {unknown}
Books
 b - a book of Conjurations

   Spells                             Type                      Level
   a - Magic Dart                     Conjuration                  1
   b - Searing Ray                    Conjuration                  2
   c - Dazzling Spray                 Conjuration/Hexes            3
   d - Fulminant Prism                Conjuration/Hexes            4
   e - Force Lance                    Conjuration/Translocation    4
   f - Iskenderun's Mystic Blast      Conjuration                  4
 x - a book of Misfortune

   Spells                             Type                      Level
   a - Confusing Touch                Hexes                        1
   b - Confuse                        Hexes                        3
   c - Gell's Gravitas                Translocation                3
   d - Petrify                        Transmutation/Earth          4
   e - Metabolic Englaciation         Hexes/Ice                    5
   f - Yara's Violent Unravelling     Hexes/Transmutation          5
 Q - a book of Minor Magic

   Spells                             Type                      Level
   a - Magic Dart                     Conjuration                  1
   b - Blink                          Translocation                2
   c - Call Imp                       Summoning                    2
   d - Slow                           Hexes                        2
   e - Conjure Flame                  Conjuration/Fire             3
   f - Mephitic Cloud                 Conjuration/Poison/Air       3
Comestibles
 c - 5 meat rations
 F - a royal jelly


   Skills:
 + Level 2.1 Fighting
 + Level 0.8 Staves
 + Level 5.0 Armour
 + Level 6.7 Dodging
 + Level 5.2 Stealth
 + Level 0.2 Unarmed Combat
 + Level 9.5 Spellcasting
 + Level 9.6 Conjurations


You had 26 spell levels left.
You knew the following spells:

 Your Spells              Type           Power        Failure   Level  Hunger
a - Magic Dart            Conj           ####         1%          1    None
b - Searing Ray           Conj           #####.       1%          2    None


Dungeon Overview and Level Annotations

Branches:
Dungeon (10/15)            Temple (1/1) D:7
   Lair: D:8-11         Orc: D:9-12

Altars:
Ashenzari
Dithmenos
Elyvilon
Fedhas
Hepliaklqana
Kikubaaqudgha
Okawaru
Qazlal
Sif Muna
Trog
Vehumet
Yredelemnul
Zin

Shops:
D:5 %


Innate Abilities, Weirdness & Mutations

You are small and have problems with some larger weapons.
You are carnivorous and can eat meat at any time.
You are partially covered in thin metallic scales. (AC +2)
You are robust. (+10% HP)


Message History

All of the chunks of flesh in your inventory have rotted away.
You feel better.
The hippogriff screeches!
You feel better.
The two-headed ogre hits you with a giant club!!
* * * LOW HITPOINT WARNING * * *
The two-headed ogre completely misses you.
The hippogriff bites you.
* * * LOW HITPOINT WARNING * * *
The hippogriff misses you. The hippogriff claws you.
* * * LOW HITPOINT WARNING * * *
You feel better. The two-headed ogre misses you.
The two-headed ogre completely misses you.
The hippogriff closely misses you.
The hippogriff pecks you but does no damage.
The hippogriff closely misses you.
As you read the scroll of teleportation, it crumbles to dust.
You feel strangely unstable.
The two-headed ogre hits you with a giant club!!
You die...

# #.
#.############
#............<
#.............
#.............
#............>
#....H@.......
#.....O.......
#.............
#)............
#.............
#............)
#.............
#../..........


You could see a two-headed ogre and a hippogriff.

Vanquished Creatures
  Pikel (D:5)
  Maurice (D:8)
  A hornet (D:9)
  A troll (D:9)
  Prince Ribbit (D:5)
  Grinder (D:5)
  A hippogriff (D:7)
  Sigmund (D:4)
  A steam dragon (D:9)
  2 orc warriors
  A slave (D:5)
  3 sky beasts
  2 ice beasts (D:5)
  A necrophage (D:8)
  An ogre (D:4)
  A phantom (D:4)
  A centaur (D:8)
  2 big kobolds
  8 bullfrogs
  3 scorpions
  A water moccasin skeleton (D:7)
  4 wights (D:7)
  3 howler monkeys
  2 crimson imps (D:5)
  A centaur zombie (D:9)
  A bullfrog zombie (D:9)
  8 orc priests
  A centaur skeleton (D:7)
  4 hounds
  A jelly (D:5)
  Crazy Yiuf (D:4)
  A gnoll shaman (D:5)
  6 orc wizards
  2 bullfrog skeletons
  An iguana (D:6)
  7 worker ants
  A hound zombie (D:6)
  4 gnolls (D:5)
  10 adders
  2 shadow imps
  An adder zombie (D:8)
  3 worms
  An adder skeleton (D:8)
  A dart slug (D:3)
  6 leopard geckos
  27 orcs
  7 bats
  4 giant cockroaches
  4 hobgoblins (D:1)
  12 jackals
  16 kobolds
  A quokka (D:5)
  2 ball pythons
  5 frilled lizards
  10 goblins
  A leopard gecko skeleton (D:6)
  A quokka skeleton (D:4)
  4 rats
201 creatures vanquished.

Notes
Turn   | Place    | Note
-------+----------+-------------------------------------------
     0 | D:1      | pstr the Kobold Conjurer began the quest for the Orb.
     0 | D:1      | Reached XP level 1. HP: 10/10 MP: 3/3
   468 | D:2      | Reached XP level 2. HP: 15/15 MP: 3/5
   472 | D:2      | Learned a level 2 spell: Searing Ray
   876 | D:1      | Reached XP level 3. HP: 19/19 MP: 0/6
  1590 | D:2      | Reached XP level 4. HP: 24/24 MP: 5/8
  2434 | D:3      | Reached XP level 5. HP: 28/28 MP: 7/9
  3017 | D:3      | Reached skill level 5 in Conjurations
  3161 | D:4      | Reached XP level 6. HP: 16/32 MP: 3/12
  3167 | D:4      | Noticed a phantom
  3323 | D:4      | Killed a phantom
  3719 | D:4      | Reached skill level 1 in Armour
  3742 | D:4      | Noticed an ogre
  3815 | D:4      | Found a blossoming altar of Fedhas.
  3941 | D:4      | Killed an ogre
  3941 | D:4      | Reached XP level 7. HP: 36/36 MP: 9/14
  4055 | D:4      | Reached skill level 5 in Spellcasting
  4159 | D:4      | Noticed Sigmund
  4168 | D:4      | Killed Sigmund
  4269 | D:4      | Found a runed door.
  4274 | D:4      | Gained mutation: You are partially covered in thin metallic scales. (AC +2) [potion of mutation]
  4274 | D:4      | Gained mutation: You are robust. (+10% HP) [potion of mutation]
  4280 | D:4      | Noticed Crazy Yiuf
  4285 | D:4      | Killed Crazy Yiuf
  4379 | D:5      | Entered Level 5 of the Dungeon
  4546 | D:5      | Reached XP level 8. HP: 35/45 MP: 9/16
  5232 | D:5      | Noticed Prince Ribbit
  5255 | D:5      | Noticed Grinder
  5259 | D:5      | Killed Grinder
  5267 | D:5      | Killed Prince Ribbit
  5267 | D:5      | Reached skill level 1 in Fighting
  5267 | D:5      | Reached XP level 9. HP: 51/51 MP: 2/19
  5479 | D:5      | Got a crude falchion
  5607 | D:5      | Noticed Pikel
  5624 | D:5      | Killed Pikel
  5727 | D:5      | Found Vuggi's Food Shoppe.
  5935 | D:6      | Found a deep blue altar of Sif Muna.
  5953 | D:6      | Reached skill level 5 in Dodging
  6346 | D:6      | Reached XP level 10. HP: 52/57 MP: 17/21
  7004 | D:6      | Got a jewelled flail
  7690 | D:7      | Found a staircase to the Ecumenical Temple.
  7710 | Temple   | Entered the Ecumenical Temple
  7784 | Temple   | Became a worshipper of Qazlal Stormbringer
  8281 | D:8      | Noticed Maurice
  8293 | D:8      | Killed Maurice
  8973 | D:9      | Reached skill level 5 in Armour
  8973 | D:9      | Reached skill level 5 in Stealth
  9275 | D:9      | Reached XP level 11. HP: 50/62 MP: 19/24
  9285 | D:9      | Noticed a two-headed ogre
  9301 | D:9      | Noticed a two-headed ogre
  9305 | D:10     | Entered Level 10 of the Dungeon
  9310 | D:10     | Slain by a two-headed ogre

Skill      XL: |  1  2  3  4  5  6  7  8  9 10 |
---------------+-------------------------------+-----
Dodging        | 3 4 5 6 |  6.7
Stealth        | 3 4 5 |  5.2
Spellcasting   | 3 4 5 6 7 9 |  9.5
Conjurations   | 5 6 7 9 |  9.6
Armour         | 1 2 4 5 |  5.0
Fighting       | 1 2 |  2.1
Staves         | |  0.8
Unarmed Combat | |  0.2

Action                   |  1- 3 |  4- 6 |  7- 9 | 10-12 || total
-------------------------+-------+-------+-------+-------++-------
Melee: Unarmed           |    15 |     3 |       |       ||    18
       Flail             |       |     3 |       |       ||     3
       Quarterstaff      |       |       |     3 |       ||     3
 Cast: Magic Dart        |    57 |    61 |    61 |    35 ||   214
       Searing Ray       |     8 |    30 |    57 |    64 ||   159
  Use: Potion            |       |       |     7 |     4 ||    11
       Scroll            |       |       |       |    15 ||    15
  Eat: Chunk             |    12 |     8 |     7 |     9 ||    36
Armor: Robe              |    15 |       |       |       ||    15
       Leather armour    |       |     4 |    18 |    34 ||    56
Dodge: Dodged            |    79 |    32 |    67 |   138 ||   316
